 Dungeon Crawl Stone Soup version 0.27-a0-277-g024f7ef292 (webtiles) character file.

Game seed: 2641383816032567885

15 Nattfarinn the Insei (level 2, 0/21 HPs)
             Began as a Merfolk Transmuter on Feb 7, 2021.
             Slain by a jackal (1 damage)
             ... on level 1 of the Dungeon.
             The game lasted 00:01:45 (641 turns).

Nattfarinn the Insei (Merfolk Transmuter)            Turns: 641, Time: 00:01:46

Health: 0/21       AC:  2    Str: 10    XL:     2   Next: 50%
Magic:  4/5        EV: 13    Int: 12    God:
Gold:   23         SH:  0    Dex: 14    Spells: 4/5 levels left

rFire    . . .     SeeInvis .     - Unarmed
rCold    . . .     Faith    .   (no shield)
rNeg     . . .     Spirit   .   a - +0 robe
rPois    .         Reflect  .   (no helmet)
rElec    .         Harm     .   (no cloak)
rCorr    .         Rampage  .   (no gloves)
Will     .....                  (no boots)
Stlth    +.........             (no amulet)
HPRegen  0.07/turn              (no ring)
MPRegen  0.09/turn              (no ring)

@: no status effects
A: change form in water, swift swim, stealthy swim
a: no special abilities


You were on level 1 of the Dungeon.
You visited 1 branch of the dungeon, and saw 1 of its levels.

You collected 23 gold pieces.

Inventory:

Armour
 a - a +0 robe (worn)
 b - a +0 crystal plate armour


   Skills:
 + Level 1.4 Fighting
 * Level 3.2 Dodging
 + Level 3.4 Unarmed Combat
 - Level 2.0 Spellcasting
 * Level 3.2 Transmutations


You had 4 spell levels left.
You knew the following spells:

 Your Spells              Type           Power        Failure   Level
a - Beastly Appendage     Tmut           16%          8%          1

Your spell library contained the following spells:

 Spells                   Type           Power        Failure   Level
 Wereblood                Tmut           8%           11%         2
 Spider Form              Tmut/Pois      2%           38%         3
 Ice Form                 Ice/Tmut       5%           80%         4
 Blade Hands              Tmut           4%           90%         5


Dungeon Overview and Level Annotations

Branches:
Dungeon (1/15)

Altars:


Message History

You aren't carrying any weapons that can be enchanted.
The jackal misses you.
The jackal bites you but does no damage.
The jackal barely misses you. The jackal bites you.
* * * LOW HITPOINT WARNING * * *
As you read the scroll labelled QIL TUYPTI, it crumbles to dust.
It is a scroll of identify.
You don't have any unidentified items.
The jackal bites you.
* * * LOW HITPOINT WARNING * * *
The jackal bites you.
* * * LOW HITPOINT WARNING * * *
You hit the jackal.
You kill the jackal!
The jackal bites you but does no damage.
You closely miss the jackal. Your headbutt misses the jackal.
Your punch misses the jackal.
Your horns disappear.
The jackal barely misses you. The jackal bites you.
You die...

#.# #.# #.# #.# #.#
#.# #.# #.# #.#
###.#########.#
...........##.####
##(#####.......†@# #
#...#####h### .#
#..## #g..#
##.#####..######.#.#
...................#
..P.P...P.P.PPP....#
P♣♣♣P.P♣♣♣P.P♣♣♣...#
.♣ ♣... ♣P..♣ ♣...#
P♣♣♣P.. ♣P..♣♣♣...#


You could see a jackal and a hobgoblin.

Vanquished Creatures
  4 goblins (D:1)
  3 hobgoblins (D:1)
  3 jackals (D:1)
  3 rats (D:1)
13 creatures vanquished.

Vanquished Creatures (others)
  2 plants (D:1)
2 creatures vanquished.

Grand Total: 15 creatures vanquished

Notes
Turn   | Place    | Note
-------+----------+-------------------------------------------
     0 | D:1      | Nattfarinn the Merfolk Transmuter began the quest for the
                  | Orb.
     0 | D:1      | Reached XP level 1. HP: 15/15 MP: 3/3
   392 | D:1      | Reached XP level 2. HP: 21/21 MP: 3/5
   639 | D:1      | HP: 1/21 [jackal (1)]
   641 | D:1      | Slain by a jackal

Illustrated notes

Levels and vault maps discovered:
D:1:      minmay_arrival_jagged, layout_loops_ring, kennysheep_boxes

Skill      XL: |  1 |
---------------+----+-----
Dodging        | 3 |  3.2
Transmutations | 3 |  3.2
Fighting       | |  1.4
Unarmed Combat | |  3.4
Spellcasting   | |  2.0

Action                   || total
-------------------------++-------
Melee: Unarmed           ||    45
       Headbutt          ||     7
       Punch             ||     2
 Cast: Beastly Appendage ||     7
  Use: Scroll            ||     2
Armor: Robe              ||     9
Dodge: Dodged            ||    42

Table legend: (Time is in decaauts)
 A = Elapsed time spent in this place.
 B = Non-inter-level travel time spent in this place.
 C = Inter-level travel time spent in this place.
 D = Time resting spent in this place.
 E = Time spent auto-exploring this place.
 F = Levels seen in this place.
 G = Mean time per level.
                   A        B        C        D        E       F      G
               +--------+--------+--------+--------+--------+-----+--------+
         Total |    638 |    638 |      0 |    299 |    216 |   1 |  638.0 |
       Dungeon |    638 |    638 |      0 |    299 |    216 |   1 |  638.0 |
               +--------+--------+--------+--------+--------+-----+--------+

Top non-repeatable levels by time:
     D:1: 638 daAuts
